Map: New Repugnancy LE

Players

ohpus

  • Race: Zerg Zerg
  • League: Diamond
  • Spawn Location: 1:00

Smeeeger - Winner!

  • Race: Zerg Zerg
  • League: Platinum
  • Spawn Location: 7:00

VOD

Have the link to the VOD?

Description

Time

  • Played on: July 19, 2019, 1:21 p.m.
  • Length: 8:27
Show
View Real Time Build Order
Export as new Build Order

ohpus Zerg 

Build Orders: Hatch First 

Get SALT Encoding   

  12  0:01  Drone  
  13  0:12  Overlord  
  13  0:22  Drone  
  14  0:33  Drone x2  
  16  0:53  Hatchery  
  16  0:55  Drone  
  17  1:04  Drone  
  17  1:05  Drone  
  17  1:07  Extractor  
  17  1:19  Spawning Pool  
  16  1:28  Drone x2  
  16  1:30  Drone  
  19  1:40  Drone  
  20  1:53  Drone  
  21  2:01  Overlord  
  21  2:11  Queen x2  
  21  2:13  Zergling x4  
  27  2:27  Zergling x6  
  30  2:31  Metabolic Boost  
  30  2:39  Overlord  
  30  3:00  Queen  
  30  3:01  Drone x2  
  30  3:02  Drone x2  
  36  3:31  Overlord  
  36  3:32  Overlord  
  36  3:44  Hatchery  
  35  4:08  Drone x8  
  43  4:12  Lair  
  42  4:19  Roach Warren  
  42  4:20  Evolution Chamber  
  42  4:24  Evolution Chamber  
  38  4:43  Drone x3  
  38  4:44  Drone x6  
  47  4:46  Extractor x2  
  45  5:06  Overlord  
  45  5:07  Overlord x2  
  45  5:13  Zerg Missile Weapons Level 1  
  45  5:14  Zerg Ground Armor Level 1  
  45  5:15  Glial Reconstitution  
  45  5:17  Roach  
  45  5:18  Roach x2  
  45  5:21  Roach  
  53  5:24  Roach  
  46  5:49  Drone  
  50  5:50  Drone x11  
  58  6:09  Queen  
  58  6:10  Queen  
  62  6:16  Drone x3, Extractor  
  64  6:38  Drone x2  
  64  6:39  Drone x9  
  75  7:22  Roach x4  
  71  7:32  Roach  
  71  7:33  Roach x4  
  81  7:47  Spine Crawler  
  81  7:48  Spine Crawler  
  81  7:49  Overlord x4, Spine Crawler  
Show
View Real Time Build Order
Export as new Build Order

Smeeeger Zerg - Winner!

Build Orders: Pool First 

Get SALT Encoding   

  12  0:01  Drone  
  13  0:14  Overlord  
  13  0:19  Drone  
  14  0:32  Drone  
  14  0:33  Drone  
  16  0:41  Drone  
  17  0:46  Spawning Pool  
  17  0:49  Drone  
  17  1:11  Hatchery  
  16  1:13  Drone  
  17  1:23  Drone x2  
  19  1:26  Extractor  
  19  1:31  Drone  
  19  1:40  Zergling x2  
  20  1:49  Queen  
  22  1:56  Overlord  
  22  2:25  Queen  
  22  2:27  Metabolic Boost  
  24  2:31  Queen  
  24  2:32  Drone x2  
  28  2:39  Drone x2, Overlord  
  30  2:48  Drone x2  
  32  2:53  Overlord  
  32  3:11  Drone  
  32  3:12  Drone  
  34  3:13  Drone x3  
  37  3:23  Drone x2  
  39  3:33  Overlord  
  40  3:41  Zergling x10  
  44  3:49  Hatchery  
  44  3:50  Drone  
  44  3:51  Drone x2  
  44  3:55  Drone  
  47  3:58  Lair  
  47  4:03  Roach Warren, Evolution Chamber  
  45  4:20  Drone x2  
  45  4:24  Extractor  
  46  4:25  Extractor  
  45  4:36  Drone x2  
  45  4:37  Drone x4  
  51  4:51  Overlord x3  
  51  4:52  Overlord  
  51  4:55  Glial Reconstitution  
  51  5:02  Drone x2  
  51  5:05  Zerg Missile Weapons Level 1  
  53  5:17  Roach x4  
  53  5:20  Roach  
  63  5:23  Overlord x3  
  63  5:29  Roach x3  
  66  5:39  Evolution Chamber  
  66  5:40  Roach  
  66  5:41  Roach x3  
  70  5:45  Roach  
  72  5:59  Drone x5, Queen  
  72  6:02  Roach  
  81  6:10  Zerg Ground Armor Level 1  
  81  6:12  Roach x2  
  81  6:14  Roach  
  89  6:18  Roach  
  89  6:21  Roach  
  89  6:22  Overlord x4  
  91  6:37  Drone, Roach x2  
  91  6:38  Drone x2  
  98  6:40  Zergling x6  
  101  6:48  Roach x4  
  101  6:49  Drone  
  110  7:05  Roach x5  
  110  7:06  Roach x3  
  126  7:09  Drone x2  
  126  7:10  Drone x2  
  123  7:36  Roach x10  
  143  7:47  Overlord x4  
  143  7:51  Drone x2  
Tags
 
Add a new tag
Caveats
  • Supply blocks, unpowered buildings, or Contaminate may cause inaccurate times.
  • Supply counts are checked every 10 seconds.